Map: Tempio ghiacciato

Players

ELGAND - Winner!

  • Race: Zerg Zerg
  • League: Gold

Jhyrachy

  • Race: Zerg Zerg
  • League: Silver

VOD

Have the link to the VOD?

Description

Time

  • Played on: April 5, 2016, 10:08 a.m.
  • Length: 12:04
Show
View Real Time Build Order
Export as new Build Order

ELGAND Zerg - Winner!

Build Orders: Hatch First, Muta Ling Bane 

Get SALT Encoding   

  12  0:01  Drone  
  13  0:16  Drone  
  14  0:26  Overlord  
  14  0:47  Drone  
  14  0:48  Drone  
  16  0:52  Drone  
  16  0:53  Hatchery  
  16  1:09  Spawning Pool  
  15  1:12  Extractor  
  15  1:15  Drone  
  15  1:18  Drone  
  16  1:25  Drone  
  17  1:32  Drone  
  18  1:43  Drone  
  19  1:52  Drone  
  20  1:58  Queen  
  22  2:03  Extractor  
  22  2:04  Drone  
  22  2:07  Zergling x2, Queen  
  25  2:16  Overlord  
  25  2:26  Baneling Nest  
  24  2:31  Metabolic Boost  
  24  2:41  Drone  
  24  2:42  Drone x3  
  28  2:44  Drone  
  28  2:50  Drone  
  30  2:55  Zergling x2  
  31  3:02  Drone  
  32  3:13  Zergling x8  
  36  3:36  Lair  
  36  3:46  Baneling x2  
  36  3:47  Baneling x3  
  36  3:52  Overlord x2, Evolution Chamber  
  36  3:53  Evolution Chamber  
  34  4:12  Drone x4  
  34  4:13  Drone x5  
  42  4:26  Zerg Melee Weapons Level 1  
  42  4:27  Zerg Ground Armor Level 1  
  42  4:32  Drone x5  
  47  4:42  Centrifical Hooks  
  47  4:47  Extractor  
  47  4:48  Zergling x4  
  47  4:49  Extractor, Zergling x4  
  47  4:52  Drone  
  42  5:58  Spire  
  42  6:01  Hatchery  
  42  6:02  Zergling x2  
  42  6:03  Zergling x4  
  43  6:07  Overlord x2  
  43  6:08  Overlord x2  
  43  6:18  Spine Crawler  
  43  6:19  Spine Crawler  
  41  6:29  Overlord  
  41  6:56  Zerg Ground Armor Level 2  
  41  6:57  Zerg Melee Weapons Level 2  
  41  6:58  Evolution Chamber  
  40  7:04  Zergling x18  
  40  7:05  Zergling x4  
  51  7:09  Baneling  
  51  7:10  Baneling x5  
  51  7:19  Zerg Flyer Weapons Level 1  
  51  7:20  Infestation Pit  
  51  7:22  Drone x4  
  54  7:25  Drone x2  
  52  7:47  Zergling x2  
  52  7:48  Zergling x8  
  52  7:50  Queen  
  58  7:55  Mutalisk x4  
  66  8:07  Drone x4  
  66  8:08  Drone  
  71  8:13  Overlord  
  71  8:22  Mutalisk x2  
  75  8:27  Overseer  
  75  8:37  Hatchery  
  74  8:46  Hive  
  74  8:53  Drone x8  
  74  8:54  Drone  
  83  9:05  Mutalisk x3  
  89  9:20  Baneling  
  89  9:21  Baneling x4  
  89  9:37  Zergling x2  
  90  9:39  Overlord x2  
  90  9:40  Overlord x2  
  89  9:55  Baneling x3  
  89  9:56  Baneling x21  
  89  9:58  Zergling x24  
  101  10:06  Extractor  
  100  10:08  Drone, Extractor  
  100  10:11  Queen  
  102  10:14  Overlord x5  
  88  10:38  Zergling x2  
  88  10:39  Zergling x24  
  86  10:53  Zergling x2  
  86  10:54  Zergling x12  
  93  11:03  Spire  
  92  11:05  Overlord x4  
  92  11:11  Baneling  
  92  11:12  Baneling x17  
  92  11:13  Baneling  
  92  11:14  Baneling x2  
  92  11:19  Drone x2  
  92  11:20  Drone  
  92  11:21  Drone  
  92  11:23  Drone  
Show
View Real Time Build Order
Export as new Build Order

Jhyrachy Zerg 

Build Orders: Hatch First 

Get SALT Encoding   

  12  0:01  Drone  
  13  0:10  Drone  
  14  0:18  Overlord  
  14  0:27  Overlord  
  14  0:37  Drone  
  14  0:38  Drone  
  16  0:45  Drone  
  17  1:03  Hatchery  
  16  1:04  Extractor  
  16  1:05  Drone  
  16  1:12  Drone  
  17  1:27  Spawning Pool  
  17  1:31  Drone x2  
  18  1:41  Drone  
  19  1:50  Drone  
  20  2:00  Overlord  
  20  2:14  Queen  
  22  2:15  Metabolic Boost  
  22  2:18  Queen  
  22  2:21  Drone  
  22  2:22  Drone  
  26  2:44  Drone  
  26  2:45  Drone  
  26  2:46  Zergling x4  
  30  2:56  Evolution Chamber  
  29  3:38  Drone x2  
  29  3:39  Drone x4  
  29  3:40  Hatchery, Queen  
  36  3:42  Zerg Melee Weapons Level 1  
  36  3:50  Spine Crawler  
  36  3:53  Zergling x2  
  36  3:55  Overlord x2  
  36  4:16  Queen  
  38  4:35  Zergling x2  
  38  4:36  Zergling x16  
  45  5:29  Queen  
  44  5:58  Zergling x2  
  44  5:59  Zergling x24  
  44  6:00  Overlord  
  44  6:01  Overlord x3  
  57  6:16  Zerg Ground Armor Level 1  
  57  6:19  Extractor  
  56  6:45  Roach Warren  
  55  6:50  Drone  
  55  6:51  Drone x3  
  55  6:53  Zergling x8  
  55  6:54  Zergling x20  
  72  6:56  Overlord  
  72  7:16  Spore Crawler  
  72  7:18  Spore Crawler x2, Drone x2  
  72  7:19  Drone  
  41  7:54  Roach x4  
  41  7:55  Roach x5  
  59  8:02  Spore Crawler  
  59  8:04  Queen x2  
  62  8:05  Queen  
  62  8:11  Spore Crawler x2  
  62  8:16  Spore Crawler  
  61  8:27  Roach  
  61  8:28  Roach x6  
  75  8:40  Queen x2  
  79  8:41  Queen  
  81  8:57  Hatchery  
  80  9:07  Spore Crawler  
  80  9:11  Spore Crawler  
  79  9:22  Spore Crawler  
  78  9:41  Overlord x3  
  78  9:42  Overlord  
  78  9:57  Spore Crawler  
  78  9:58  Queen x2  
  83  10:34  Queen x2  
  45  10:50  Roach x13  
  45  10:51  Roach x4  
  77  11:02  Roach  
  77  11:03  Roach x2  
Tags
 
Add a new tag
Caveats
  • Supply blocks, unpowered buildings, or Contaminate may cause inaccurate times.
  • Supply counts are checked every 10 seconds.